 Dungeon Crawl Stone Soup version 0.21.0-25-ge575cb9 (webtiles) character file.

20293 Moloch the Severer (level 12, -2/77 HPs)
             Began as a Gargoyle Fighter on Jan 24, 2018.
             Was a High Priest of Okawaru.
             Slain by a blink frog (6 damage)
             ... on level 2 of the Lair of Beasts.
             The game lasted 00:25:23 (14276 turns).

Moloch the Severer (Gargoyle Fighter)              Turns: 14276, Time: 00:25:24

Health: -2/77      AC: 33    Str: 21    XL:     12   Next: 78%
Magic:  10/12      EV:  9    Int:  9    God:    Okawaru [*****.]
Gold:   667        SH:  0    Dex: 13    Spells: 11/11 levels left

rFire    + . .     SeeInvis .   P - +3 executioner's axe
rCold    + . .     Gourm    .   (shield currently unavailable)
rNeg     + + .     Faith    +   v - +4 plate armour {rF+}
rPois    ∞         Spirit   .   H - +1 helmet
rElec    +         Reflect  .   U - +2 cloak
rCorr    .         Harm     .   b - +0 pair of gloves
MR       .....                  (no boots)
Stlth    ..........             l - amulet of faith
HPRegen  0.22/turn              K - ring of positive energy
MPRegen  0.13/turn              R - ring of protection from cold

@: heroism
A: negative energy resistance 1, electricity resistance, unbreathing,
petrification resistance, rot immunity, AC +8
a: Heroism, Finesse, Renounce Religion


You were on level 2 of the Lair of Beasts.
You worshipped Okawaru.
Okawaru was extremely pleased with you.
You were near starving.

You visited 2 branches of the dungeon, and saw 14 of its levels.
You also visited: Volcano.

You collected 755 gold pieces.
You spent 88 gold pieces at shops.

Inventory:

Hand Weapons
 a - a +0 war axe
 x - a +2 demon trident of flaming
 G - a +1 hand axe of flaming
 P - a +3 executioner's axe (weapon)
Missiles
 q - 2 throwing nets
 r - 12 tomahawks (quivered)
Armour
 b - a +0 pair of gloves (worn)
 c - a +0 shield
 s - the +2 ice dragon scales of Shadows and Fog {+Fly rF- rC++ rN+ Dex+4}
   (Okawaru gifted it to you on level 12 of the Dungeon)

   It affects your dexterity (+4).
   It makes you vulnerable to fire.
   It greatly protects you from cold.
   It protects you from negative energy.
   It lets you fly.
 v - a +4 plate armour of fire resistance (worn)
 H - a +1 helmet (worn)
 U - a +2 cloak (worn)
Jewellery
 l - an amulet of faith (around neck)
 E - an uncursed ring of ice
 K - a ring of positive energy (left hand)
 O - an uncursed amulet of rage {unknown}
 R - a ring of protection from cold (right hand)
Wands
 k - a wand of enslavement (17)
 w - a wand of random effects (79)
 y - a wand of acid (6)
 D - a wand of digging (4)
 I - a wand of flame (22)
 T - a wand of polymorph (6)
Scrolls
 e - 3 scrolls of blinking
 g - 4 scrolls of enchant armour
 h - 10 scrolls of remove curse
 m - 2 scrolls of identify
 t - a scroll of teleportation
 u - 3 scrolls of fear
Potions
 d - 3 potions of might
 i - 6 potions of flight
 j - 7 potions of curing
 n - a potion of agility
 o - 2 potions of heal wounds
 p - 2 potions of haste
 z - 2 potions of ambrosia
 C - a potion of lignification
 L - a potion of magic
 Q - a potion of cancellation
 S - a potion of berserk rage
Comestibles
 f - 25 rations


   Skills:
 + Level 10.0(15.0) Fighting
 * Level 16.4(21.4) Axes
 - Level 3.2(8.2) Armour
 - Level 3.2(8.2) Shields


You had 11 spell levels left.
You didn't know any spells.

Dungeon Overview and Level Annotations

Branches:
Dungeon (12/15)            Temple (0/1) D:7            Lair (2/6) D:10
  Swamp: Lair:2-4    Shoals: Lair:2-4     Snake: Lair:2-4    Spider: Lair:2-4
    Orc: D:9-12

Altars:
Dithmenos
Elyvilon
Fedhas
Hepliaklqana
Kikubaaqudgha
Makhleb
Nemelex Xobeh
Okawaru
Qazlal
Ru
Sif Muna
Trog
Vehumet
Wu Jian
Xom
Zin
The Shining One

Shops:
D:4 *   D:8 (   D:9 *


Innate Abilities, Weirdness & Mutations

You are resistant to torment.
Your stone body is resilient. (AC +8)
You are immune to poison.
You resist negative energy. (rN+)
You are resistant to electric shocks. (rElec)
You can survive without breathing.
You are immune to petrification.
You are immune to rotting.


Message History

You slice the blink frog!!
You kill the blink frog!
Okawaru accepts your kill.
The blink frog hits you but does no damage.
Your plate armour prevents you from hitting the blink frog.
The blink frog hits you!
* * * LOW HITPOINT WARNING * * *
You slice the blink frog!!
The blink frog is heavily wounded.
The blink frog hits you but does no damage.
The blink frog hits you!
* * * LOW HITPOINT WARNING * * *
You gain the combat prowess of a mighty hero.
The blink frog completely misses you.
You hit the blink frog.
The blink frog is severely wounded.
The blink frog hits you!
* * * LOW HITPOINT WARNING * * *
The blink frog hits you.
You die...

### ##.### ########## #.#..#.# #
#.#.##.#.####....|.. ######
#######.(....FF..'....... .....##
#.##...F##P.##.##P.....(.
......###.P..#.#@#########.......
.............##### #>....<.
.....#..###.## #......> .....####
### ........ .##### #....... ##
..P#### #


You could see a blink frog.

Vanquished Creatures
  A hydra (D:8)
  Harold (D:11)
  3 two-headed ogres
  2 manticores (D:11)
  2 ugly things
  An oklob plant (Lair:1)
  Maurice (D:11)
  A black mamba (Lair:1)
  Psyche (D:8)
  A red devil (Volcano)
  3 trolls
  4 blink frogs (Lair:2)
  3 slime creatures (D:12)
  2 dream sheep (D:8)
  8 hippogriffs
  A wraith (D:11)
  19 yaks
  4 fire bats
  Grum (D:11)
  A hungry ghost (D:11)
  Duvessa (D:5)
  An ice beast (D:12)
  A porcupine (Lair:1)
  3 sky beasts
  2 slaves (D:5)
  The ghost of Ymberto the Skirmisher, an amateur MiFi (D:3)
  4 black bears
  2 orc warriors
  5 phantoms
  7 centaurs
  4 wolves
  5 ogres
  3 crocodiles
  3 big kobolds (D:8)
  9 bullfrogs
  2 gnoll sergeants
  4 scorpions
  Dowan (D:5)
  3 killer bees
  3 wights
  2 vampire bats (D:6)
  4 howler monkeys
  6 crimson imps
  6 hounds
  A jelly (D:5)
  5 orc wizards
  A gnoll shaman (D:10)
  2 orc priests
  2 bullfrog skeletons
  3 centaur skeletons
  3 iguanas
  Ijyb (D:3)
  9 worker ants
  21 gnolls
  A worker ant zombie (D:6)
  12 adders
  3 shadow imps
  2 oozes (D:2)
  An adder skeleton (D:9)
  A worm (D:2)
  A dart slug (D:1)
  8 leopard geckos
  30 orcs
  17 bats
  2 bat skeletons (D:6)
  3 bat zombies (D:6)
  2 giant cockroaches
  4 goblins
  6 hobgoblins
  6 jackals
  2 quokkas
  5 ball pythons
  9 frilled lizards
  A giant cockroach zombie (D:5)
  11 kobolds
  A leopard gecko skeleton (D:5)
  A quokka zombie (D:5)
  8 rats
  A butterfly (D:7)
  A fungus (Lair:1)
  A plant (Lair:1)
330 creatures vanquished.

Vanquished Creatures (others)
  A fungus (Lair:1)
1 creature vanquished.

Grand Total: 331 creatures vanquished

Notes
Turn   | Place    | Note
-------+----------+-------------------------------------------
     0 | D:1      | Moloch the Gargoyle Fighter began the quest for the Orb.
     0 | D:1      | Reached XP level 1. HP: 14/14 MP: 1/1
    38 | D:1      | Reached skill level 2 in Axes
   107 | D:1      | Reached XP level 2. HP: 19/19 MP: 2/2
   389 | D:1      | Reached XP level 3. HP: 20/24 MP: 3/3
  1108 | D:2      | Reached skill level 3 in Axes
  1163 | D:2      | Reached XP level 4. HP: 29/29 MP: 4/4
  1791 | D:2      | Reached skill level 4 in Axes
  1980 | D:3      | Reached XP level 5. HP: 30/33 MP: 5/5
  2077 | D:3      | Noticed Ymberto's ghost (amateur MiFi)
  2107 | D:3      | Killed Ymberto's ghost
  2107 | D:3      | Reached skill level 5 in Axes
  2107 | D:3      | Reached XP level 6. HP: 18/38 MP: 6/6
  2296 | D:3      | Found a shadowy altar of Dithmenos.
  2734 | D:3      | Noticed Ijyb
  2748 | D:3      | Killed Ijyb
  2858 | D:4      | Noticed a phantom
  3030 | D:3      | Reached skill level 6 in Axes
  3030 | D:3      | Reached XP level 7. HP: 25/44 MP: 7/7
  3172 | D:4      | Got a twisted large shield
  3189 | D:4      | Identified the +5 large shield of the Black Moon {-Cast rCorr MP+9 Slay-5} (You found it on level 4 of the Dungeon)
  3277 | D:4      | Found a burning altar of Makhleb.
  3286 | D:4      | Found a stormy altar of Qazlal.
  3347 | D:4      | Noticed an angel
  3348 | D:4      | Found a glowing silver altar of Zin.
  3426 | D:4      | Found Ynatwog's Assorted Antiques.
  3429 | D:4      | Bought a long copper wand for 88 gold pieces
  3544 | D:5      | Entered Level 5 of the Dungeon
  3665 | D:5      | Reached skill level 7 in Axes
  3923 | D:5      | Noticed Pikel
  4085 | D:5      | Found an ornate altar of the Wu Jian Council.
  4085 | D:5      | Found a glowing golden altar of the Shining One.
  4088 | D:5      | Found a radiant altar of Vehumet.
  4094 | D:5      | Reached skill level 5 in Fighting
  4094 | D:5      | Reached XP level 8. HP: 42/49 MP: 8/8
  4257 | D:5      | Noticed Blork the orc
  4258 | D:5      | Noticed Blork
  4258 | D:5      | Blork the orc changed into Blork the wolf
  4275 | D:5      | Killed Blork the wolf
  4478 | D:5      | Reached skill level 8 in Axes
  4957 | D:5      | Noticed Pikel
  4957 | D:5      | Pikel changed into Pikel the fire bat
  4984 | D:5      | Killed Pikel the fire bat
  5287 | D:6      | Noticed Duvessa
  5287 | D:6      | Noticed Dowan
  5300 | D:5      | Killed Dowan
  5306 | D:5      | Killed Duvessa
  5306 | D:5      | Reached skill level 9 in Axes
  5523 | D:6      | Found a blossoming altar of Fedhas.
  5578 | D:6      | Found a sacrificial altar of Ru.
  5702 | D:5      | HP: 1/51 [orc warrior/flail (14)]
  6151 | D:6      | Reached XP level 9. HP: 55/55 MP: 9/9
  6153 | D:6      | Found an ancient bone altar of Kikubaaqudgha.
  6826 | D:7      | Found a shimmering altar of Xom.
  6891 | D:7      | Reached skill level 10 in Axes
  7128 | D:7      | Found a bloodstained altar of Trog.
  7222 | D:7      | Found a radiant altar of Vehumet.
  7222 | D:7      | Found a deep blue altar of Sif Muna.
  7222 | D:7      | Found a sparkling altar of Nemelex Xobeh.
  7222 | D:7      | Found a hazy altar of Hepliaklqana.
  7222 | D:7      | Found a sacrificial altar of Ru.
  7223 | D:7      | Found a sacrificial altar of Ru.
  7223 | D:7      | Found a radiant altar of Vehumet.
  7224 | D:7      | Found a glowing golden altar of the Shining One.
  7224 | D:7      | Found a white marble altar of Elyvilon.
  7224 | D:7      | Found a glowing silver altar of Zin.
  7225 | D:7      | Found a burning altar of Makhleb.
  7225 | D:7      | Found an iron altar of Okawaru.
  7228 | D:7      | Found a staircase to the Ecumenical Temple.
  7235 | D:7      | Became a worshipper of Warmaster Okawaru
  7726 | D:8      | Reached skill level 11 in Axes
  7898 | D:7      | Reached * piety under Okawaru
  8125 | D:8      | Reached XP level 10. HP: 59/61 MP: 10/10
  8171 | D:7      | Reached ** piety under Okawaru
  8260 | D:8      | Reached skill level 12 in Axes
  8351 | D:8      | Found Otadidgh's Weapon Boutique.
  8579 | D:8      | Reached *** piety under Okawaru
  8683 | D:8      | Noticed a two-headed hydra
  8689 | D:8      | Killed a one-headed hydra
  8694 | D:8      | Reached **** piety under Okawaru
  8820 | D:8      | Noticed Psyche
  8828 | D:8      | Killed Psyche
  8828 | D:8      | Reached skill level 13 in Axes
  9086 | D:9      | Found Qason's Assorted Antiques.
  9427 | D:9      | Reached XP level 11. HP: 58/68 MP: 11/11
  9460 | D:9      | Noticed a two-headed ogre
  9468 | D:9      | Killed a two-headed ogre
  9468 | D:9      | Reached ***** piety under Okawaru
  9734 | D:10     | Entered Level 10 of the Dungeon
  9898 | D:10     | Noticed a two-headed ogre
 10142 | D:10     | Killed a two-headed ogre
 10142 | D:10     | Reached skill level 14 in Axes
 10694 | D:10     | Found a staircase to the Lair.
 10964 | D:11     | Noticed a two-headed ogre
 10968 | D:11     | Killed a two-headed ogre
 11195 | D:11     | Noticed a purple ugly thing
 11208 | D:11     | Killed a purple ugly thing
 11253 | D:11     | Reached ****** piety under Okawaru
 11253 | D:11     | Reached skill level 15 in Axes
 11271 | D:11     | Received a gift from Okawaru
 11475 | D:11     | Reached XP level 12. HP: 55/76 MP: 12/12
 11518 | D:11     | Noticed Grum
 11552 | D:11     | Killed Grum
 12068 | D:11     | Noticed Harold
 12100 | D:11     | Killed Harold
 12743 | D:11     | Noticed Maurice
 12997 | D:11     | Killed Maurice
 13086 | D:12     | Received a gift from Okawaru
 13089 | D:12     | Got pearl-encrusted ice dragon scales {god gift}
 13103 | D:11     | Identified the +2 ice dragon scales of Shadows and Fog {+Fly rF- rC++ rN+ Dex+4} (Okawaru gifted it to you on level 12 of the Dungeon)
 13194 | Lair:1   | Entered Level 1 of the Lair of Beasts
 13214 | Lair:1   | Reached skill level 16 in Axes
 13265 | Lair:1   | Found a dark tunnel.
 13399 | Volcano  | Entered a volcano
 14265 | Lair:2   | Reached skill level 10 in Fighting
 14276 | Lair:2   | Slain by a blink frog

Skill      XL: |  1  2  3  4  5  6  7  8  9 10 11 12 |
---------------+-------------------------------------+-----
Axes           | 2 3 4 5 6 7 9 11 13 15 16 | 16.4
Fighting       | 4 5 6 8 9 10 | 10.0
Armour         | |  3.2
Shields        | |  3.2

Action                   |  1- 3 |  4- 6 |  7- 9 | 10-12 || total
-------------------------+-------+-------+-------+-------++-------
Melee: War axe           |   154 |   253 |   447 |   549 ||  1403
       Hand axe          |       |       |       |     8 ||     8
       Executioner's axe |       |       |       |   155 ||   155
Invok: Heroism           |       |       |       |    15 ||    15
Evoke: Wand              |       |     3 |    12 |     6 ||    21
  Use: Potion            |       |       |     1 |     3 ||     4
       Scroll            |       |       |       |    24 ||    24
 Stab: Invisible         |       |       |       |     1 ||     1
  Eat: Chunk             |     1 |     7 |    12 |    16 ||    36
       Ration            |       |       |     1 |     2 ||     3
Armor: Scale mail        |    89 |    88 |       |   206 ||   383
       Chain mail        |       |   108 |   319 |   191 ||   618
       Plate armour      |       |       |       |    43 ||    43
Dodge: Dodged            |    68 |    85 |   116 |   216 ||   485
Block: Shield            |    83 |   169 |   228 |   248 ||   728
